 Dungeon Crawl Stone Soup version 0.23.0 (webtiles) character file.

Game seed: 14200686086940774816

123 Murks the Skirmisher (level 5, 0/53 HPs)
             Began as an Ogre Ice Elementalist on Feb 17, 2019.
             Slain by Blork the orc
             ... wielding a cursed -2 short sword
              (6 damage)
             ... on level 4 of the Dungeon.
             The game lasted 00:13:13 (3509 turns).

Murks the Skirmisher (Ogre Ice Elementalist)        Turns: 3509, Time: 00:13:14

Health: 0/53       AC:  3    Str: 13    XL:     5   Next: 7%
Magic:  9/9        EV:  9    Int: 16    God:
Gold:   140        SH:  0    Dex:  9    Spells: 6/10 levels left

rFire    . . .     SeeInvis .   r - +0 morningstar
rCold    . . .     Gourm    .   (no shield)
rNeg     . . .     Faith    .   a - +0 robe
rPois    .         Spirit   .   (helmet restricted)
rElec    .         Reflect  .   (no cloak)
rCorr    .         Harm     .   (gloves unavailable)
MR       .....                  (boots unavailable)
Stlth    +.........             (no amulet)
HPRegen  0.17/turn              (no ring)
MPRegen  0.11/turn              (no ring)

@: very heavily drained
A: large, unfitting armour, tough skin 1
a: no special abilities


You were on level 4 of the Dungeon.
You were not hungry.

You visited 1 branch of the dungeon, and saw 4 of its levels.

You collected 140 gold pieces.

Inventory:

Hand Weapons
 r - a +0 morningstar (weapon)
Missiles
 e - 80 stones (quivered)
 j - 20 sling bullets
Armour
 a - a +0 robe (worn)
Scrolls
 b - a scroll of fear {unknown}
 d - 3 scrolls of teleportation {unknown}
 g - 2 scrolls of identify
 h - a scroll of magic mapping {unknown}
 i - a scroll of remove curse {unknown}
 m - a scroll of immolation {unknown}
 n - 2 scrolls of noise {unknown}
Potions
 k - 2 potions of curing
 l - a potion of might {unknown}
 s - a potion of experience {unknown}
Comestibles
 c - 3 rations


   Skills:
 - Level 3.1(0.3) Fighting
 * Level 1.9(0.0) Maces & Flails
 - Level 1.7(0.0) Dodging
 - Level 1.4(0.0) Stealth
 - Level 3.0(0.2) Spellcasting
   Level 0.8(0.0) Conjurations
 + Level 1.5(0.0) Charms
 - Level 3.0(0.2) Ice Magic


You had 6 spell levels left.
You knew the following spells:

 Your Spells              Type           Power        Failure   Level  Hunger
a - Freeze                Ice            #...         22%         1    ##.....
b - Ozocubu's Armour      Chrm/Ice       #.......     56%         3    ####...

Your spell library contained the following spells:

 Spells                   Type           Power        Failure   Level  Hunger
 Throw Frost              Conj/Ice       #.....       34%         2    ###....
 Summon Ice Beast         Ice/Summ       #.......     93%         4    #####..
 Throw Icicle             Conj/Ice       #.......     93%         4    #####..


Dungeon Overview and Level Annotations

Branches:
Dungeon (4/15)
 Temple: D:4-7

Altars:

Annotations:
D:4 Blork the orc, Pikel


Innate Abilities, Weirdness & Mutations

You are too large for most types of armour.
You have tough skin. (AC +1)


Message History

* * * LOW HITPOINT WARNING * * *
You miss something.
You hear some strange, mumbled words.
A puff of frost appears from out of thin air!
The puff of frost misses you.
You hear some strange, mumbled words.
A magic dart appears from out of thin air!
The magic dart hits you!
* * * LOW HITPOINT WARNING * * *
You feel much better. Something hits you.
You closely miss something. Something hits you. x2
You hit something.
You hear some strange, mumbled words.
A puff of flame appears from out of thin air!
The puff of flame hits you!
* * * LOW HITPOINT WARNING * * *
Something hits you.
* * * LOW HITPOINT WARNING * * *
Something hits you.
You die...

#.#.# #.#.# #.#.#
#.#.#####.# #.#........
.#############.#.#######
........................
..######.#####.#!#########
#....##@#.........#
#....##{#.........#
####....##.#..........
#.......+..#.........#
#.##....####.#'###### #
#....# #.#.# ##....#
#.#.########## #<....#
#.#..........### # #.....#
#.###...........


There were no monsters in sight!

Vanquished Creatures
  A slave (D:3)
  A hound (D:4)
  4 adders
  A leopard gecko (D:2)
  5 orcs (D:3)
  3 giant cockroaches
  5 goblins
  3 hobgoblins (D:2)
  3 jackals (D:1)
  3 quokkas
  2 bats
  11 frilled lizards (D:2)
  4 kobolds
  9 rats
55 creatures vanquished.

Vanquished Creatures (others)
  A worm (D:3)
  A frilled lizard (D:3)
2 creatures vanquished.

Grand Total: 57 creatures vanquished

Notes
Turn   | Place    | Note
-------+----------+-------------------------------------------
     0 | D:1      | Murks the Ogre Ice Elementalist began the quest for the
                  | Orb.
     0 | D:1      | Reached XP level 1. HP: 16/16 MP: 3/3
   186 | D:1      | Reached skill level 1 in Fighting
   236 | D:1      | Reached XP level 2. HP: 23/27 MP: 2/5
   735 | D:2      | Reached XP level 3. HP: 29/36 MP: 0/7
   807 | D:2      | Learned a level 3 spell: Ozocubu's Armour
  1694 | D:2      | Reached XP level 4. HP: 36/45 MP: 2/8
  2053 | D:3      | Reached skill level 1 in Charms
  2115 | D:3      | Reached skill level 1 in Maces & Flails
  2770 | D:4      | Noticed Blork the orc
  3071 | D:4      | Reached XP level 5. HP: 39/53 MP: 9/9
  3133 | D:4      | Noticed Pikel
  3133 | D:4      | Noticed a slave
  3133 | D:4      | Noticed a slave
  3133 | D:4      | Noticed a slave
  3133 | D:4      | Noticed a slave
  3260 | D:3      | Killed a slave
  3509 | D:4      | Slain by Blork the orc

Skill      XL: |  1  2  3  4 |
---------------+-------------+-----
Fighting       | 1 2 3 |  3.1
Ice Magic      | 3 |  3.0
Spellcasting   | 3 |  3.0
Charms         | 1 |  1.5
Maces & Flails | 1 |  1.9
Dodging        | |  1.7
Stealth        | |  1.4
Conjurations   | |  0.8

Action                   |  1- 3 |  4- 6 || total
-------------------------+-------+-------++-------
Melee: Unarmed           |    51 |       ||    51
       Morningstar       |       |   102 ||   102
Throw: Stone             |    70 |    27 ||    97
 Cast: Freeze            |    43 |    18 ||    61
       Ozocubu's Armour  |     1 |     1 ||     2
  Use: Scroll            |       |     4 ||     4
       Potion            |       |     4 ||     4
 Stab: Sleeping          |     1 |       ||     1
  Eat: Chunk             |     2 |     4 ||     6
       Ration            |       |     1 ||     1
Armor: Robe              |    25 |    31 ||    56
       Skin              |       |    21 ||    21
Dodge: Dodged            |    61 |    60 ||   121
